Match 47171525
Unlisted

Match 47171525
End
Panzergrenadier Squad
Selects Italian Combined Arms Battlegroup
Selects Bersaglieri Squad
Bersaglieri Squad
Bersaglieri Squad
250 Light Carrier
Construct Light Support Kompanie
Selects Bersaglieri Bolster
Bersaglieri Squad
Construct Mechanized Kompanie
Bersaglieri Squad
Selects Breda Model 30 Light Machine Guns
Marder III Tank Destroyer
2.5-tonne Medical Truck
Construct Panzerarmee Kommand
Selects Semovente da 75/18 Assault Gun
Panzer III L Medium Tank
Tungsten Core Ammunition
Armored Reserves
Selects Carro Armato M13/40 Light Tank
Carro Armato M13/40 Light Tank
Carro Armato M13/40 Light Tank
Selects Pact of Steel
Marder III Tank Destroyer
Carro Armato M13/40 Light Tank
Support Armor Elements
Bersaglieri Squad
Space!
866
憨八龟
Oh Nyo( Φ ω Φ )
RitraXP
鼻涕一甩排山倒海
wpdlal123
torn7538
0
0

Comments sign in to comment!

No comments posted yet!